 Dungeon Crawl Stone Soup version 0.21.1-1-g345015fe64 (webtiles) character file.

1942 Revguard the Conjurer (level 8, -5/61 HPs)
             Began as a Black Draconian Conjurer on June 3, 2018.
             Was a Priest of Wu Jian.
             Killed from afar by an orc priest (7 damage)
             ... with an exploding inner flame
             ... hexed by the player character
             ... on level 6 of the Dungeon.
             The game lasted 00:58:57 (5012 turns).

Revguard the Conjurer (Black Draconian Conjurer)    Turns: 5012, Time: 00:59:00

Health: -5/61      AC:  6    Str: 11    XL:     8   Next: 98%
Magic:  12/17      EV: 14    Int: 16    God:    Wu Jian [***...]
Gold:   106        SH:  0    Dex: 11    Spells: 8/19 levels left

rFire    + . .     SeeInvis +   t - staff of conjuration
rCold    . . .     Gourm    .   (no shield)
rNeg     . . .     Faith    .   (armour unavailable)
rPois    +         Spirit   .   (helmet restricted)
rElec    +         Reflect  .   (no cloak)
rCorr    .         Harm     .   (no gloves)
MR       .....                  (no boots)
Stlth    +.........             (no amulet)
HPRegen  0.20/turn              j - ring of protection from fire
MPRegen  0.15/turn              o - ring of see invisible

@: very slightly contaminated, glowing, serpent's lash
A: breathe lightning, unfitting armour, clumsy 1, poison resistance, electricity
resistance, wild magic 1, cold-blooded, AC +6
a: Breathe Lightning, Wall Jump, Serpent's Lash, Renounce Religion


You were on level 6 of the Dungeon.
You worshipped Wu Jian.
Wu Jian was most pleased with you.
You were not hungry.

You visited 1 branch of the dungeon, and saw 6 of its levels.

You collected 226 gold pieces.
You spent 120 gold pieces at shops.

Inventory:

Hand Weapons
 d - a +1 short sword of electrocution
 i - the +6 whip of Asugetoy {speed, +Inv rC- MR+++ Stlth+, unknown}
   (You found it on level 4 of the Dungeon)

   Attacks with this weapon are significantly faster.
   It makes you vulnerable to cold.
   It affects your resistance to hostile enchantments.
   It lets you turn invisible.
   It makes you more stealthy.
 s - a +1 vampiric hand axe
Magical Staves
 t - an uncursed staff of conjuration (weapon)
Jewellery
 b - a +3 ring of strength
 j - a ring of protection from fire (left hand)
 o - a ring of see invisible (right hand)
 p - an uncursed ring of flight
Scrolls
 e - 2 scrolls of remove curse
 f - 2 scrolls of enchant armour
 n - a scroll of immolation
Potions
 g - 2 potions of curing
 h - a potion of cancellation
 k - 2 potions of mutation
 l - 3 potions of flight
 q - a potion of haste {unknown}
Books
 a - a book of Conjurations

   Spells                             Type                      Level
   a - Magic Dart                     Conjuration                  1
   b - Searing Ray                    Conjuration                  2
   c - Dazzling Spray                 Conjuration/Hexes            3
   d - Fulminant Prism                Conjuration/Hexes            4
   e - Force Lance                    Conjuration/Translocation    4
   f - Iskenderun's Mystic Blast      Conjuration                  4
Comestibles
 c - 2 rations


   Skills:
 - Level 2.1 Fighting
 - Level 2.5 Short Blades
 * Level 3.2 Staves
 + Level 5.8 Dodging
 - Level 1.9 Stealth
 - Level 0.1 Unarmed Combat
 + Level 6.2 Spellcasting
 - Level 6.7 Conjurations
 + Level 0.1 Hexes
 - Level 0.1 Translocations


You had 8 spell levels left.
You knew the following spells:

 Your Spells              Type           Power        Failure   Level  Hunger
a - Magic Dart            Conj           ####         1%          1    None
b - Searing Ray           Conj           ######       2%          2    #......
c - Force Lance           Conj/Tloc      ####....     41%         4    ####...
d - Fulminant Prism       Conj/Hex       ####......   41%         4    ####...


Dungeon Overview and Level Annotations

Branches:
Dungeon (6/15)
 Temple: D:4-7

Altars:
Makhleb
Trog
Wu Jian

Shops:
D:4 *[(=

Annotations:
D:6 Prince Ribbit


Innate Abilities, Weirdness & Mutations

You can breathe wild blasts of lightning.
Your glossy black scales are hard. (AC +6)
You cannot fit into any form of body armour.
You are resistant to electric shocks. (rElec)
You are cold-blooded and may be slowed by cold attacks.
You are clumsy. (Dex -2)
Your system is resistant to poisons. (rPois)
Your spells are a little harder to cast, but a little more powerful.


Message History

You breathe a wild blast of lightning!
You hear a mighty clap of thunder!
The bolt of lightning hits you! You resist.
* * * LOW HITPOINT WARNING * * *
The bolt of lightning misses the orc priest. x2
You hear a mighty clap of thunder!
The bolt of lightning misses Prince Ribbit.
The zap misses Prince Ribbit.
You hear a mighty clap of thunder!
The bolt of lightning hits the orc priest.
The orc priest is severely wounded.
The bolt of lightning hits the orc priest.
The orc priest explodes!
You hear an explosion!
The Council accepts your kill.
You feel a bit more experienced.
The fiery explosion engulfs the orc priest.
The orc priest explodes!
The fiery explosion engulfs you! You resist.
You die...

# ##...#.o.....
##.#.......o#
......F..##.#
##.......o..#
........#§###
###..##...####
..... ##.o.§§#
#### #####§# #@#
#F####
.#######§§..#
.........##.##
###...(.....# #
#.###.##..#.#
#.###.##..#.##
#.##.........#.
#.##............


You could see Prince Ribbit (inner flame).

Vanquished Creatures
  Pikel (D:4)
  The ghost of Revguard the Digger, an amateur DrEE of Fedhas (D:5)
  Grinder (D:3)
  Sigmund (D:4)
  A black bear (D:4)
  An ice beast (D:5)
  An ogre (D:4)
  A big kobold (D:4)
  A crimson imp (D:6)
  A hound (D:4)
  A gnoll shaman (D:5)
  6 orc wizards
  Natasha (twice) (D:2)
  A worker ant (D:3)
  A hound skeleton (D:4)
  Robin (D:2)
  5 gnolls (D:5)
  2 adders (D:5)
  A shadow imp (D:5)
  2 adder skeletons (D:4)
  An adder zombie (D:5)
  A dart slug (D:1)
  6 leopard geckos
  31 orcs
  4 giant cockroaches
  8 hobgoblins
  7 bats
  7 frilled lizards
  21 goblins
  A jackal skeleton (D:3)
  9 kobolds
  10 rats
138 creatures vanquished.

Vanquished Creatures (others)
  A wizard (D:4)
  A slave (D:4)
  2 worker ants (D:4)
  An adder (D:4)
  A quokka (D:5)
  3 fulminant prisms (D:5)
9 creatures vanquished.

Grand Total: 147 creatures vanquished

Notes
Turn   | Place    | Note
-------+----------+-------------------------------------------
     0 | D:1      | Revguard the Draconian Conjurer began the quest for the Orb.
     0 | D:1      | Reached XP level 1. HP: 14/14 MP: 3/3
   114 | D:1      | Reached XP level 2. HP: 13/20 MP: 3/5
   121 | D:1      | Learned a level 2 spell: Searing Ray
   709 | D:1      | Reached XP level 3. HP: 26/26 MP: 1/6
   911 | D:2      | Reached skill level 5 in Conjurations
   920 | D:2      | Reached XP level 4. HP: 25/33 MP: 2/7
  1228 | D:2      | Found a faded altar of an unknown god.
  1250 | D:2      | Became a worshipper of the Wu Jian Council
  1250 | D:2      | Reached * piety under Wu Jian
  1409 | D:2      | Noticed Robin
  1412 | D:2      | Noticed Natasha
  1513 | D:2      | Killed Robin
  1753 | D:2      | Killed Natasha
  1753 | D:2      | Reached skill level 1 in Fighting
  1753 | D:2      | Reached skill level 1 in Short Blades
  1754 | D:2      | Reached ** piety under Wu Jian
  2031 | D:2      | Learned a level 4 spell: Force Lance
  2260 | D:2      | Noticed Natasha
  2265 | D:2      | Killed Natasha
  2265 | D:2      | Reached XP level 5. HP: 40/40 MP: 3/8
  2469 | D:3      | Noticed Grinder
  2479 | D:3      | Paralysed by Grinder for 3 turns
  2487 | D:3      | Paralysed by Grinder for 4 turns
  2510 | D:3      | Killed Grinder
  2510 | D:3      | Reached XP level 6. HP: 18/48 MP: 1/10
  3034 | D:4      | Noticed Pikel
  3034 | D:4      | Noticed a slave
  3034 | D:4      | Noticed a slave
  3034 | D:4      | Noticed a slave
  3034 | D:4      | Noticed a slave
  3041 | D:4      | Killed Pikel
  3041 | D:4      | Your scales start taking on a glossy black colour.
  3041 | D:4      | Reached XP level 7. HP: 35/55 MP: 10/13
  3041 | D:4      | Gained mutation: You are resistant to electric shocks. (rElec) [Black Draconian growth]
  3089 | D:4      | Found Jempitt's Antique Weapon Shop.
  3102 | D:4      | Noticed Sigmund
  3111 | D:4      | Reached XP level 8. HP: 40/61 MP: 4/14
  3115 | D:4      | Killed Sigmund
  3115 | D:4      | Reached skill level 5 in Dodging
  3236 | D:4      | Found Nuwk's Jewellery Shop.
  3352 | D:4      | Found a bloodstained altar of Trog.
  3354 | D:4      | Noticed a wizard
  3359 | D:4      | Killed a wizard
  3394 | D:4      | Found a burning altar of Makhleb.
  3408 | D:4      | Got a faintly glowing whip
  3427 | D:4      | Gained mutation: Your spells are a little harder to cast, but a little more powerful. [potion of mutation]
  3427 | D:4      | Gained mutation: You have large cloven feet. [potion of mutation]
  3429 | D:4      | Lost mutation: Your spells are a little harder to cast, but a little more powerful. [potion of mutation]
  3429 | D:4      | Lost mutation: You have large cloven feet. [potion of mutation]
  3429 | D:4      | Gained mutation: Your spells are a little harder to cast, but a little more powerful. [potion of mutation]
  3429 | D:4      | Gained mutation: You are clumsy. (Dex -2) [potion of mutation]
  3429 | D:4      | Gained mutation: Your system is resistant to poisons. (rPois) [potion of mutation]
  3664 | D:4      | Reached skill level 1 in Staves
  3664 | D:4      | Reached skill level 5 in Spellcasting
  3810 | D:4      | Reached *** piety under Wu Jian
  3949 | D:4      | Found Kiot's Armour Shop.
  3953 | D:4      | Found Piwubafri's Weapon Boutique.
  4072 | D:4      | Found Qarr's Assorted Antiques.
  4075 | D:4      | Bought a jade ring for 120 gold pieces
  4177 | D:5      | Entered Level 5 of the Dungeon
  4223 | D:5      | Noticed Revguard's ghost (amateur DrEE)
  4252 | D:5      | Killed Revguard's ghost
  4364 | D:5      | Learned a level 4 spell: Fulminant Prism
  4985 | D:6      | Noticed Prince Ribbit
  5012 | D:6      | HP: 2/61 [bounced beam (2)]
  5012 | D:6      | Killed from afar by an orc priest

Skill      XL: |  1  2  3  4  5  6  7  8 |
---------------+-------------------------+-----
Dodging        | 2 3 4 5 |  5.8
Conjurations   | 5 6 |  6.7
Fighting       | 1 2 |  2.1
Short Blades   | 1 2 |  2.5
Spellcasting   | 4 6 |  6.2
Staves         | 3 |  3.2
Stealth        | |  1.9
Unarmed Combat | |  0.1
Hexes          | |  0.1
Translocations | |  0.1

Action                   |  1- 3 |  4- 6 |  7- 9 || total
-------------------------+-------+-------+-------++-------
Melee: Unarmed           |    32 |       |       ||    32
       Tailslap          |     8 |    10 |    12 ||    30
       Short sword       |    31 |   120 |    32 ||   183
       Staff             |       |       |    68 ||    68
 Cast: Magic Dart        |    35 |    14 |    25 ||    74
       Searing Ray       |     5 |     7 |    15 ||    27
       Force Lance       |       |     1 |     1 ||     2
       Fulminant Prism   |       |       |     3 ||     3
Invok: Whirlwind         |       |    39 |    26 ||    65
       Wall Jump         |       |    11 |    10 ||    21
       Lunge             |       |    10 |     8 ||    18
       Serpent's Lash    |       |       |     1 ||     1
 Abil: Breathe Lightning |       |       |     2 ||     2
  Use: Scroll            |     3 |     4 |     8 ||    15
       Potion            |       |     2 |     4 ||     6
  Eat: Ration            |       |     2 |     3 ||     5
       Chunk             |       |     2 |       ||     2
Armor: Skin              |    19 |    27 |    30 ||    76
Dodge: Dodged            |    66 |    60 |    85 ||   211
